 Dungeon Crawl Stone Soup version 0.29-a0-352-g0917bc69df (webtiles) character file.

Game seed: 13678608320890225171

44 NinjaNoafa the Cutter (level 3, 0/24 HPs)
             Began as a Kobold Monk on Apr 24, 2022.
             Succumbed to an adder's poison
             ... on level 2 of the Dungeon.
             The game lasted 00:02:55 (1423 turns).

NinjaNoafa the Cutter (Kobold Monk)                 Turns: 1423, Time: 00:02:55

Health: 0/24       AC:  4    Str:  8    XL:     3   Next: 87%
Magic:  3/3        EV: 16    Int: 11    God:
Gold:   119        SH:  0    Dex: 19    Spells: 2/2 levels left

rFire   . . .      SeeInvis .   a - +0 short sword
rCold   . . .      Faith    .   (no shield)
rNeg    . . .      Spirit   .   b - +0 robe
rPois   .          Reflect  .   (no helmet)
rElec   .          Harm     .   k - +0 cloak
rCorr   .          Rampage  .   i - +0 pair of gloves
Will    .....                   (no boots)
Stlth   ++++......              (no amulet)
HPRegen 0.08/turn               (no ring)
MPRegen 0.08/turn               (no ring)

@: lethally poisoned (0 -> -8), on berserk cooldown, slowed, very slow
A: small, no large weapons, nightstalker 3
a: no special abilities


You were on level 2 of the Dungeon.
You visited 1 branch of the dungeon, and saw 2 of its levels.

You collected 119 gold pieces.

Inventory:

Hand Weapons
 a - a +0 short sword (weapon)
Missiles
 l - 2 throwing nets (quivered)
Armour
 b - a +0 robe (worn)
 i - a +0 pair of gloves (worn)
 k - a +0 cloak (worn)
Scrolls
 d - 3 scrolls of enchant armour {unknown}
 e - 4 scrolls of identify {unknown}
 j - 4 scrolls of teleportation {unknown}
Potions
 f - a potion of berserk rage
 g - a potion of might {unknown}
 h - 3 potions of mutation {unknown}
 m - a potion of attraction {unknown}


   Skills:
 * Level 3.7 Fighting
 + Level 4.6 Short Blades
 + Level 4.2 Dodging
 + Level 3.4 Stealth


You had 2 spell levels left.
You didn't know any spells.
Your spell library was empty.

Dungeon Overview and Level Annotations

Branches:
Dungeon (2/15)

Altars:

Shops:
D:1 ?


Innate Abilities, Weirdness & Mutations

You are small and have problems with some larger weapons.
You are completely attuned to the shadows.


Message History

You feel sick. The adder bites you.
* * * LOW HITPOINT WARNING * * *
You are confused.
You feel invigorated.
You feel sick. The adder bites you.
You are lethally poisoned!
The adder poisons you! The adder bites you.
* * * LOW HITPOINT WARNING * * *
You barely miss the adder.
The adder is moderately wounded.
You feel sick. The adder bites you.
* * * LOW HITPOINT WARNING * * *
You are more poisoned.
The adder poisons you!
It was a potion of berserk rage.
A red film seems to cover your vision as you go berserk!
You feel yourself moving faster!
You feel mighty!
You feel sick. The adder misses you.
You are too berserk!
You're too confused to move!
You feel a strong urge to attack something.
You feel sick. The adder completely misses you.
You miss the adder.
The adder is moderately wounded.
You feel less invigorated.
You feel less confused.
You feel sick. The adder bites you.
* * * LOW HITPOINT WARNING * * *
You are lethally poisoned!
The adder poisons you!
* * * LOW HITPOINT WARNING * * *
You feel sick.
You feel a strong urge to attack something.
* * * LOW HITPOINT WARNING * * *
You feel sick.
* * * LOW HITPOINT WARNING * * *
You feel sick.
You feel your anger nearly subside.
You are no longer berserk.
You are exhausted.
You feel yourself slow down.
You die...

...# #.... #.#..#
#....
##.#..#########....
.......)..........
#....########....
#....# #.... #S...#
#.... #####.<...#
#.... ....@...#.#
......#.#...
......### ##
......+ ......#


You could see an adder.

Vanquished Creatures
  A worm (D:2)
  3 dart slugs (D:1)
  5 bats (D:1)
  6 endoplasms
  2 giant cockroaches (D:1)
  A hobgoblin (D:2)
  2 quokkas
  4 ball pythons
  A frilled lizard (D:1)
  2 goblins
  3 kobolds (D:2)
  4 rats
34 creatures vanquished.

Vanquished Creatures (others)
  2 demonic plants (D:1)
2 creatures vanquished.

Grand Total: 36 creatures vanquished

Notes
Turn   | Place    | Note
-------+----------+-------------------------------------------
     0 | D:1      | NinjaNoafa the Kobold Monk began the quest for the Orb.
     0 | D:1      | Reached XP level 1. HP: 14/14 MP: 1/1
    40 | D:1      | Found Ykked's Magic Scroll Shoppe.
   171 | D:1      | Reached XP level 2. HP: 19/19 MP: 2/2
   476 | D:1      | Reached XP level 3. HP: 23/23 MP: 3/3
  1423 | D:2      | Succumbed to an adder's poison

Illustrated notes

Levels and vault maps discovered:
D:1:      wander_arrival_peaceful_grave, layout_basic, serial_shops,
          nicolae_shop_statue_plus, dreamdust_princess_corridor
D:2:      layout_basic

Skill      XL: |  1  2 |
---------------+-------+-----
Stealth        | 3 |  3.4
Dodging        | 4 |  4.2
Fighting       | |  3.7
Short Blades   | |  4.6

Action                   || total
-------------------------++-------
Melee: Short sword       ||   106
  Use: Potion            ||     2
 Stab: Sleeping          ||    12
Armor: Robe              ||    16
Dodge: Dodged            ||    74

Table legend: (Time is in decaauts)
 A = Elapsed time spent in this place.
 B = Non-inter-level travel time spent in this place.
 C = Inter-level travel time spent in this place.
 D = Time resting spent in this place.
 E = Time spent auto-exploring this place.
 F = Levels seen in this place.
 G = Mean time per level.
                   A        B        C        D        E       F      G
               +--------+--------+--------+--------+--------+-----+--------+
         Total |   1409 |   1355 |     54 |      0 |   1068 |   2 |  704.5 |
       Dungeon |   1409 |   1355 |     54 |      0 |   1068 |   2 |  704.5 |
               +--------+--------+--------+--------+--------+-----+--------+

Top non-repeatable levels by time:
     D:1: 1133 daAuts
     D:2: 275 daAuts
